 Dungeon Crawl Stone Soup version 0.30-a0-737-gf23d94013f (webtiles) character file.

Game seed: 4697043403162196287

457 magipi the Cudgeller (level 7, 0/1 (56) HPs)
             Began as a Gnoll Reaver on Feb 1, 2023.
             Slain by an adder (1 damage)
             ... on level 5 of the Dungeon.
             The game lasted 00:14:53 (3555 turns).

magipi the Cudgeller (Gnoll Reaver)                 Turns: 3555, Time: 00:14:53

HP:   0/1 (56)      AC:  7    Str: 11    XL:     7   Next: 6%
MP:   9/15          EV: 19    Int: 14    God:
Gold: 260           SH:  5    Dex: 17    Spells: 14/17 levels left

rFire   . . .      SeeInvis .    a - +2 hand axe (elec)
rCold   . . .      Faith    .    (no shield)
rNeg    . . .      Spirit   .    j - +0 leather armour
rPois   .          Reflect  +    o - +1 helmet
rElec   .          Harm     .    q - +0 cloak
rCorr   .          Rampage  .    (no gloves)
Will    .....                    x - +0 pair of boots
Stlth   ++                       r - amulet of reflection
HPRegen 0.20/turn                v - +5 ring of evasion
MPRegen 0.14/turn                u - +6 ring of dexterity

@: extremely drained
A: fangs 1, strong nose, distributed training
a: no special abilities


You were on level 5 of the Dungeon.
You visited 1 branch of the dungeon, and saw 5 of its levels.

You collected 260 gold pieces.

Inventory:

Hand Weapons
 a - a +2 hand axe of electrocution (weapon)
   (You found it on level 2 of the Dungeon)
 b - a +1 dagger of venom
   (You took it off a goblin on level 3 of the Dungeon)
 w - the +7 hammer "Lurrakh" {freeze, +Blink rN++ Int+2}
   (You found it on level 3 of the Dungeon)

   Int:       It affects your intelligence (+2).
   rN:        It greatly protects you from negative energy.
   +Blink:    It lets you blink.
Missiles
 s - a boomerang (quivered)
Armour
 j - a +0 leather armour (worn)
 o - a +1 helmet (worn)
   (You took it off Robin on level 3 of the Dungeon)
 q - a +0 cloak (worn)
   (You took it off Crazy Yiuf on level 3 of the Dungeon)
 x - a +0 pair of boots (worn)
   (You found it on level 3 of the Dungeon)
Magical Staves
 n - a staff of fire
   (You found it on level 2 of the Dungeon)
Jewellery
 r - an amulet of reflection (around neck)
   (You found it on level 5 of the Dungeon)
 u - a +6 ring of dexterity (right hand)
   (You found it on level 3 of the Dungeon)
 v - a +5 ring of evasion (left hand)
   (You found it on level 1 of the Dungeon)
Scrolls
 c - 2 scrolls of fog {unknown}
 e - 5 scrolls of identify {unknown}
 f - 3 scrolls of enchant weapon {unknown}
 g - a scroll of fear {unknown}
 k - 2 scrolls of teleportation {unknown}
 l - 2 scrolls of magic mapping {unknown}
 m - a scroll of amnesia {unknown}
 p - a scroll of vulnerability {unknown}
 y - a scroll of immolation {unknown}
Potions
 d - 2 potions of brilliance {unknown}
 h - a potion of mutation {unknown}
 i - a potion of cancellation {unknown}
 t - a potion of attraction {unknown}
 z - a potion of berserk rage {unknown}


   Skills:
 + Level 5.1 Fighting
 + Level 2.3 Short Blades
 + Level 2.3 Long Blades
 + Level 2.3 Axes
 + Level 7.0 Maces & Flails
 + Level 2.3 Polearms
 + Level 2.3 Staves
 + Level 2.3 Ranged Weapons
 + Level 2.3 Throwing
 + Level 2.3 Armour
 + Level 5.1 Dodging
 + Level 2.3 Stealth
 + Level 2.3 Shields
 + Level 2.3 Unarmed Combat
 + Level 5.5 Spellcasting
 + Level 5.8 Conjurations
 + Level 1.9 Hexes
 + Level 1.9 Summonings
 + Level 1.9 Necromancy
 + Level 1.9 Translocations
 + Level 1.9 Transmutations
 + Level 1.9 Fire Magic
 + Level 1.9 Ice Magic
 + Level 1.9 Air Magic
 + Level 1.9 Earth Magic
 + Level 1.9 Poison Magic
 + Level 2.5 Invocations
 + Level 2.3 Evocations


You had 14 spell levels left.
You knew the following spells:

 Your Spells              Type           Power      Damage    Failure   Level
a - Kiss of Death         Conj/Necr      56%        2d9       4%          1
b - Momentum Strike       Conj/Tloc      28%        3d8       7%          2

Your spell library contained the following spells:

 Spells                   Type           Power      Damage    Failure   Level
 Sting                    Tmut/Pois      36%        1d4       10%         1
 Hailstorm                Conj/Ice       14%        3d5       13%         3
 Poisonous Vapours        Pois/Air       18%        N/A       16%         2
 Gell's Gravitas          Tloc           9%         N/A       30%         3
 Teleport Other           Tloc           9%         N/A       30%         3
 Olgreb's Toxic Radiance  Pois           9%         N/A       69%         4
 Dispersal                Tloc           4%         N/A       100%        6


Dungeon Overview and Level Annotations

Branches:
Dungeon (5/15)
 Temple: D:4-7

Altars:

Annotations:
D:3 2 transporters, CaliBri's ghost, weakling DsGl


Innate Abilities, Weirdness & Mutations

You have very sharp teeth.
Your uncanny sense of smell can sniff out nearby items.
Your experience applies equally to all skills.


Message History

r - an amulet of reflection;
y - a scroll labelled CULLEL NOMOA You start putting on your amulet.
You continue putting on your amulet of reflection. x5
You finish putting on your amulet of reflection.
You feel a shielding aura gather around you.
r - an amulet of reflection (around neck)
You now have 244 gold pieces (gained 14).
You now have 260 gold pieces (gained 16).
Found a leather armour.
f - 3 scrolls labelled JUUSEIKHLOD (gained 1)
Found a stone staircase leading down.
There is a stone staircase leading down here.
An orc and an orc wizard come into view.
Unknown command.
Edmund the Younger comes into view.
He is wielding a +6 dire flail of holy wrath.
A hound comes into view.
The hound barks!
There is a stone staircase leading up here.
You closely miss the hound. Your bite misses the hound. The hound misses you.
You block the hound's attack.
Unknown command.
You closely miss the hound. You bite the hound, but do no damage.
The hound barely misses you. The hound completely misses you.
Unknown command.
You closely miss the hound. The hound misses you. x2
Unknown command.
Edmund shouts!
You hit the hound.
The hound is heavily wounded.
The hound misses you.
Unknown command.
Unknown command.
Casting: Kiss of Death (safe; 4% risk of failure)
Confirm with . or Enter, or press ? or * to list all spells.
Aiming: Kiss of Death (safe; 4% risk of failure)
Press: ? - help, Shift-Dir - straight line, f - hound
Aim: a hound (moderately wounded, 100% to hit)
The negative energy hits the hound!
The hound is drained!
You kill the hound!
You feel drained.
Your Maces & Flails skill increases to level 7!
You have reached level 7!
Unknown command.
You aren't carrying any items that you can evoke.
Unknown command.
Unknown command.
Casting: Kiss of Death (safe; 4% risk of failure)
Confirm with . or Enter, or press ? or * to list all spells.
Aiming: Momentum Strike (safe; 7% risk of failure)
Press: ? - help, Dir - move target, f - Edmund
Aim: Edmund, wielding a +6 dire flail of holy wrath and wearing a +0 leather armour (71% to hit)
The concentrated momentum hits Edmund!
Edmund is moderately wounded.
You are unable to move.
Edmund grinds his teeth, and then sighs.
Unknown command.
Throw: 2 boomerangs
Press: ? - help, Q - select action, (/) - cycle Shift-Dir - straight line, f/p - Edmund
Aim: Edmund, wielding a +6 dire flail of holy wrath and wearing a +0 leather armour (moderately wounded, 63% to hit)
You throw a boomerang. The boomerang closely misses Edmund.
Edmund says, "People accused me of being a cutpurse!"
Unknown command.
Throw: 2 boomerangs
Press: ? - help, Q - select action, (/) - cycle Shift-Dir - straight line, f/p - Edmund
Aim: Edmund, wielding a +6 dire flail of holy wrath and wearing a +0 leather armour (moderately wounded, 63% to hit)
You throw a boomerang. The boomerang hits Edmund!
Edmund is heavily wounded.
Edmund misses you.
Unknown command.
Casting: Momentum Strike (safe; 7% risk of failure)
Confirm with . or Enter, or press ? or * to list all spells.
Aiming: Kiss of Death (safe; 4% risk of failure)
Press: ? - help, Shift-Dir - straight line, f/p - Edmund
Aim: Edmund, wielding a +6 dire flail of holy wrath and wearing a +0 leather armour (heavily wounded, 100% to hit)
The negative energy hits Edmund but does no damage.
Edmund is drained!
Edmund is severely wounded.
You feel drained. Edmund closely misses you.
Unknown command.
Casting: Kiss of Death (safe; 4% risk of failure)
Confirm with . or Enter, or press ? or * to list all spells.
Aiming: Kiss of Death (safe; 4% risk of failure)
Press: ? - help, Shift-Dir - straight line, f/p - Edmund
Aim: Edmund, wielding a +6 dire flail of holy wrath and wearing a +0 leather armour (severely wounded, lightly drained, 100% to hit)
The negative energy hits Edmund!
Edmund is drained!
Edmund is almost dead.
You feel drained. You block the adder's attack. Edmund misses you.
Unknown command.
Casting: Kiss of Death (safe; 4% risk of failure)
Confirm with . or Enter, or press ? or * to list all spells.
Aiming: Kiss of Death (safe; 4% risk of failure)
Press: ? - help, Shift-Dir - straight line, f/p - Edmund
Aim: Edmund, wielding a +6 dire flail of holy wrath and wearing a +0 leather armour (almost dead, heavily drained, 100% to hit)
The negative energy hits Edmund!
Edmund is drained!
You kill Edmund!
You feel drained.
You are no longer robbed of momentum.
The adder bites you.
Ouch! That really hurt!
You die...

........###......########
o.o..##........>........# .###
#.#.#######.#####.######### .
∆#.#.# #.## #..........
#..#...##### #..# ###########
#.........# ##.# # ∆
#.........## #.### ##########
......#......###...###.........
..............)@........#####.##
...#...........S..............#
##.............#..###......##.##
##..#.....##..##..........##..#
...#..#..........#.......###..
.@ ......###.##..#..)....# ##.
...... #.............# ## ###
....##..........##
#................####


You could see an adder.

Vanquished Creatures
  Edmund (D:5)
  A phantom (D:4)
  Crazy Yiuf (D:3)
  A hound (D:5)
  Terence (D:2)
  3 iguanas
  Robin (D:3)
  10 adders
  2 worms
  4 dart slugs
  An orc (D:4)
  4 bats
  13 endoplasms
  7 giant cockroaches
  18 goblins
  6 hobgoblins
  11 jackals
  7 kobolds
  A quokka (D:5)
  6 ball pythons
  3 frilled lizards
  7 rats
109 creatures vanquished.

Vanquished Creatures (others)
  24 plants (D:4)
24 creatures vanquished.

Grand Total: 133 creatures vanquished

Notes
Turn   | Place    | Note
-------+----------+-------------------------------------------
     0 | D:1      | magipi the Gnoll Reaver began the quest for the Orb.
     0 | D:1      | Reached XP level 1. HP: 20/20 MP: 6/6
   168 | D:1      | Reached XP level 2. HP: 26/26 MP: 7/7
   358 | D:1      | Reached skill level 5 in Spellcasting
   358 | D:1      | Reached XP level 3. HP: 28/28 MP: 7/9
   542 | D:2      | Reached skill level 1 in Invocations
   568 | D:2      | Noticed Terence
   633 | D:2      | Learned a level 2 spell: Momentum Strike
   688 | D:2      | Reached skill level 1 in Short Blades
   688 | D:2      | Reached skill level 1 in Long Blades
   688 | D:2      | Reached skill level 1 in Axes
   688 | D:2      | Reached skill level 1 in Polearms
   688 | D:2      | Reached skill level 1 in Staves
   688 | D:2      | Reached skill level 1 in Ranged Weapons
   688 | D:2      | Reached skill level 1 in Throwing
   688 | D:2      | Reached skill level 1 in Armour
   688 | D:2      | Reached skill level 1 in Stealth
   688 | D:2      | Reached skill level 1 in Shields
   688 | D:2      | Reached skill level 1 in Unarmed Combat
   688 | D:2      | Reached skill level 1 in Evocations
   769 | D:2      | Reached XP level 4. HP: 28/35 MP: 11/11
   845 | D:2      | Reached skill level 1 in Hexes
   845 | D:2      | Reached skill level 1 in Summonings
   845 | D:2      | Reached skill level 1 in Necromancy
   845 | D:2      | Reached skill level 1 in Translocations
   845 | D:2      | Reached skill level 1 in Transmutations
   845 | D:2      | Reached skill level 1 in Fire Magic
   845 | D:2      | Reached skill level 1 in Ice Magic
   845 | D:2      | Reached skill level 1 in Air Magic
   845 | D:2      | Reached skill level 1 in Earth Magic
   845 | D:2      | Reached skill level 1 in Poison Magic
   880 | D:2      | Killed Terence
   910 | D:2      | Reached XP level 5. HP: 27/30 MP: 12/12
  1531 | D:3      | Found a runed translucent door.
  1532 | D:3      | Noticed Crazy Yiuf
  1539 | D:3      | Killed Crazy Yiuf
  1549 | D:3      | Identified the +7 hammer "Lurrakh" {freeze, +Blink rN++
                  | Int+2}
  1841 | D:3      | Noticed CaliBri's ghost (weakling DsGl)
  1841 | D:3      | Noticed an ogre
  1842 | D:3      | Found a transporter.
  1842 | D:3      | Noticed an ogre
  1843 | D:3      | Found a transporter.
  1844 | D:3      | Noticed an ogre
  2494 | D:3      | Reached XP level 6. HP: 21/24 MP: 11/13
  2605 | D:3      | Noticed Robin
  2675 | D:3      | Killed Robin
  2930 | D:3      | Reached skill level 5 in Fighting
  2930 | D:3      | Reached skill level 5 in Dodging
  3392 | D:5      | Entered Level 5 of the Dungeon
  3537 | D:5      | Noticed Edmund
  3550 | D:5      | Reached skill level 7 in Maces & Flails
  3550 | D:5      | Reached XP level 7. HP: 22/26 MP: 13/15
  3555 | D:5      | Killed Edmund
  3555 | D:5      | Slain by an adder

Illustrated notes

Levels and vault maps discovered:
D:1:      dpeg_cavernosity, layout_rooms
D:2:      layout_loops_ring, uniq_terence
D:3:      kennysheep_goblin_castle, layout_loops_ring, gammafunk_ghost_smash,
          uniq_crazy_yiuf_cottage
D:4:      layout_gridville, serial_bayou, serial_bayou_crossing,
          serial_bayou_pond_e, serial_bayou_lagoon_b, serial_bayou_pond_c,
          serial_bayou_shore_b, minmay_fractal_squares_diagonal_5
D:5:      layout_rooms, kennysheep_small_circle, uniq_edmund, uniq_grinder

Skill      XL: |  1  2  3  4  5  6 |
---------------+-------------------+-----
Spellcasting   | 5 |  5.5
Invocations    | 1 2 |  2.5
Short Blades   | 1 2 |  2.3
Long Blades    | 1 2 |  2.3
Axes           | 1 2 |  2.3
Polearms       | 1 2 |  2.3
Staves         | 1 2 |  2.3
Ranged Weapons | 1 2 |  2.3
Throwing       | 1 2 |  2.3
Armour         | 1 2 |  2.3
Stealth        | 1 2 |  2.3
Shields        | 1 2 |  2.3
Unarmed Combat | 1 2 |  2.3
Evocations     | 1 2 |  2.3
Hexes          | 1 |  1.9
Summonings     | 1 |  1.9
Necromancy     | 1 |  1.9
Translocations | 1 |  1.9
Transmutations | 1 |  1.9
Fire Magic     | 1 |  1.9
Ice Magic      | 1 |  1.9
Air Magic      | 1 |  1.9
Earth Magic    | 1 |  1.9
Poison Magic   | 1 |  1.9
Fighting       | 5 |  5.1
Dodging        | 5 |  5.1
Maces & Flails | 7 |  7.0
Conjurations   | |  5.8

Action                     |  1- 3 |  4- 6 |  7- 9 || total
---------------------------+-------+-------+-------++-------
  Melee: Mace              |    95 |       |       ||    95
         Bite              |     8 |    11 |       ||    19
         Flail             |    23 |    37 |       ||    60
         Punch             |     2 |     1 |       ||     3
         Hand axe          |       |   166 |       ||   166
         Dagger            |       |     6 |       ||     6
  Throw: Boomerang         |       |       |     2 ||     2
   Cast: Kiss of Death     |     2 |    11 |     3 ||    16
         Momentum Strike   |       |       |     1 ||     1
   Stab: Sleeping          |     1 |     3 |       ||     4
 Armour: Leather armour    |    33 |    44 |       ||    77
  Dodge: Dodged            |    94 |   221 |     3 ||   318
  Block: Other             |       |     1 |     1 ||     2

Table legend: (Time is in decaauts)
 A = Elapsed time spent in this place.
 B = Non-inter-level travel time spent in this place.
 C = Inter-level travel time spent in this place.
 D = Time resting spent in this place.
 E = Time spent auto-exploring this place.
 F = Levels seen in this place.
 G = Mean time per level.
                   A        B        C        D        E       F      G
               +--------+--------+--------+--------+--------+-----+--------+
         Total |   3610 |   3384 |    226 |    174 |    905 |   5 |  722.0 |
       Dungeon |   3610 |   3384 |    226 |    174 |    905 |   5 |  722.0 |
               +--------+--------+--------+--------+--------+-----+--------+

Top non-repeatable levels by time:
     D:3: 1151 daAuts
     D:4: 1001 daAuts
     D:2: 725 daAuts
     D:1: 575 daAuts
     D:5: 157 daAuts
